 Dungeon Crawl Stone Soup version 0.21-a0-632-g1e37ce5 (webtiles) character file.

121 Gorice the Slasher (level 4, -1/33 HPs)
             Began as a Demonspawn Wanderer on Dec 27, 2017.
             Slain by a gnoll (5 damage)
             ... on level 3 of the Dungeon.
             The game lasted 00:04:56 (1789 turns).

Gorice the Slasher (Demonspawn Wanderer)            Turns: 1789, Time: 00:04:56

Health: -1/33      AC:  4    Str: 11    XL:     4   Next: 76%
Magic:  4/4        EV:  7    Int: 14    God:
Gold:   61         SH:  0    Dex: 14    Spells: 3/3 levels left

rFire    . . .     SeeInvis .   a - +2 falchion
rCold    . . .     Gourm    .   (no shield)
rNeg     . . .     Faith    .   d - +0 robe
rPois    .         Spirit   .   g - +1 helmet
rElec    .         Reflect  .   (no cloak)
rCorr    .         Harm     .   (no gloves)
MR       .....                  (no boots)
Stlth    +.........             (no amulet)
HPRegen  0.11/turn              (no ring)
MPRegen  0.09/turn              (no ring)

@: held
A: repulsion field 2, demonic guardian 1
a: no special abilities


You were on level 3 of the Dungeon.
You were not hungry.

You visited 1 branch of the dungeon, and saw 3 of its levels.

You collected 61 gold pieces.

Inventory:

Hand Weapons
 a - a +2 falchion (weapon)
 b - a +0 long sword
Missiles
 j - 14 poisoned needles
 m - 12 tomahawks (quivered)
 Y - 133 stones
Armour
 d - a +0 robe (worn)
 g - a +1 helmet (worn)
Wands
 e - a wand of digging (10)
Scrolls
 i - 3 scrolls of remove curse
 k - 2 scrolls of teleportation {!r}
 q - a scroll of enchant armour
 r - a scroll of amnesia
Potions
 h - 2 potions of invisibility {!q}
 l - a potion of heal wounds {unknown}
 o - a potion of lignification {unknown}
 p - a potion of curing {unknown}
Books
 c - the Volume of Stolen Souls

   Spells                             Type                      Level
   a - Pain                           Necromancy                   1
   b - Vampiric Draining              Necromancy                   3
Comestibles
 f - 6 rations
 n - 4 chunks of flesh


   Skills:
 - Level 2.0 Fighting
 * Level 4.3 Long Blades
   Level 1.0 Shields
   Level 2.1 Necromancy
   Level 2.6 Translocations
 - Level 1.0 Evocations


You had 3 spell levels left.
You didn't know any spells.

Dungeon Overview and Level Annotations

Branches:
Dungeon (3/15)

Altars:

Annotations:
D:3 Jessica


Innate Abilities, Weirdness & Mutations

You are surrounded by a moderate repulsion field. (EV +3)
A weak demonic guardian rushes to your aid.


Message History

You now have 61 gold pieces (gained 12).
You see here a club.
There is a stone staircase leading up here. 2 gnolls come into view.
A gnoll comes into view. It is wielding a club.
The gnoll shouts! x2; You hear a shout!
The gnoll shouts!
A hobgoblin comes into view. It is wielding a club.
You closely miss the gnoll. The gnoll hits you but does no damage.
You swap places.
The gnoll hits your shadow imp.
Your shadow imp hits the gnoll.
Your shadow imp closely misses the gnoll.
The gnoll throws a throwing net.
The throwing net closely misses your shadow imp.
The throwing net closely misses you.
Your shadow imp barely misses the gnoll.
You swap places.
The gnoll hits you. The gnoll hits you but does no damage.
Damage: 4 (max 4)
You barely miss the gnoll. The gnoll hits you. The gnoll misses you.
Damage: 5 (max 5) Unknown command.
You swap places.
The gnoll hits your shadow imp.
Your shadow imp dies!
Something hits your ufetubus.
Your ufetubus hits the gnoll but does no damage.
Your ufetubus closely misses the gnoll.
The gnoll hits your ufetubus.
Your ufetubus dies!
You hit the gnoll.
The gnoll is lightly wounded.
The gnoll closely misses you.
You closely miss the gnoll. You hit the gnoll.
The gnoll is moderately wounded.
The gnoll hits you.
* * * LOW HITPOINT WARNING * * *
Damage: 4 (max 5)
You slash the gnoll!
The gnoll is almost dead.
The gnoll throws a throwing net.
The throwing net hits you.
You become entangled in the net!
The gnoll hits you.
* * * LOW HITPOINT WARNING * * *
Damage: 1 (max 5) Unknown command.
You struggle against the net.
The gnoll hits you.
* * * LOW HITPOINT WARNING * * *
The gnoll barely misses you.
Damage: 4 (max 5)
You tear a large gash into the net.
The gnoll hits you.
* * * LOW HITPOINT WARNING * * *
The gnoll hits you.
You die...

############
#....)รท)..<#
#.(...####<# ##.###.##
#.# ##
###...##g.###.###.######
#.......#.##..@#........
#.#...#.......ggg..#
#.##....##.#...##..# #
##......(.........#
#........##..###..#
#.................#
#>................#
##....#..###.#.. .#
#....#..# #.#.. .#


You could see 2 gnolls and a hobgoblin.

Vanquished Creatures
  The ghost of Mitsuki the Magician, an amateur DEWz (D:3)
  A gnoll (D:3)
  2 adders
  2 oozes
  2 worms (D:2)
  2 bats (D:2)
  A giant cockroach (D:2)
  2 goblins
  4 hobgoblins
  A ball python (D:2)
  5 frilled lizards
  5 kobolds
  3 rats
31 creatures vanquished.

Vanquished Creatures (collateral kills)
  A goblin (D:3)
1 creature vanquished.

Grand Total: 32 creatures vanquished

Notes
Turn   | Place    | Note
-------+----------+-------------------------------------------
     0 | D:1      | Gorice the Demonspawn Wanderer began the quest for the Orb.
     0 | D:1      | Gorice set off with: a +2 falchion, a scroll of teleportation {!r}, the Volume of Stolen Souls, a +0 robe, a ration
     0 | D:1      | Reached XP level 1. HP: 16/16 MP: 1/1
     0 | D:1      | Identified the Volume of Stolen Souls
   519 | D:1      | Reached skill level 2 in Long Blades
   519 | D:1      | Gained mutation: You are surrounded by a mild repulsion field. (EV +2) [demonic ancestry]
   519 | D:1      | Reached XP level 2. HP: 22/22 MP: 2/2
   725 | D:2      | HP: 2/22 [worm (6)]
  1027 | D:2      | Gained mutation: A weak demonic guardian rushes to your aid. [demonic ancestry]
  1027 | D:2      | Reached XP level 3. HP: 23/27 MP: 3/3
  1116 | D:2      | Reached skill level 3 in Long Blades
  1635 | D:3      | Noticed Mitsuki's ghost (amateur DEWz)
  1706 | D:3      | Killed Mitsuki's ghost
  1706 | D:3      | Reached skill level 4 in Long Blades
  1706 | D:3      | Gained mutation: You are surrounded by a moderate repulsion field. (EV +3) [demonic ancestry]
  1706 | D:3      | Reached XP level 4. HP: 20/33 MP: 4/4
  1740 | D:3      | Noticed Jessica
  1789 | D:3      | HP: 4/33 [gnoll (6)]
  1789 | D:3      | Slain by a gnoll

Vault maps used:
D:1:      dpeg_arrival_stone_temple_mockup
D:2:      first_ration
D:3:      feat_on_display, uniq_jessica

Skill      XL: |  1  2  3 |
---------------+----------+-----
Long Blades    | 2 4 |  4.3
Fighting       | |  2.0
Shields        | |  1.0
Necromancy     | |  2.1
Translocations | |  2.6
Evocations     | |  1.0

Action                   |  1- 3 |  4- 6 || total
-------------------------+-------+-------++-------
Melee: Falchion          |    65 |     9 ||    74
       Long sword        |     9 |       ||     9
Throw: Tomahawk          |     8 |       ||     8
  Use: Scroll            |     5 |       ||     5
 Stab: Sleeping          |     4 |       ||     4
  Eat: Chunk             |     2 |     1 ||     3
Armor: Robe              |    11 |     2 ||    13
Dodge: Dodged            |    41 |     6 ||    47
       Rpst.: Falchion   |     9 |     1 ||    10
       Long sword        |     1 |       ||     1

Table legend:
 A = Spawn XP
 B = Non-spawn XP
 C = Spawn XP percentage of total XP
 D = Spawn monster count
 E = Non-spawn monster count
 F = Spawn count percentage of total count
 G = Total turns spent on level
                    A         B        C        D         E        F      G
               +---------+---------+-------+---------+---------+-------+---------
         Total |       0 |     173 |   0.0 |       0 |      32 |   0.0 |  1789
               +---------+---------+-------+---------+---------+-------+---------
           D:1 |       0 |      15 |   0.0 |       0 |       8 |   0.0 |   623
           D:2 |       0 |      50 |   0.0 |       0 |      18 |   0.0 |   994
           D:3 |       0 |     108 |   0.0 |       0 |       6 |   0.0 |   172
               +---------+---------+-------+---------+---------+-------+---------

Table legend:
 A = Turns spent in this place as a percentage of turns spent in the entire game.
 B = Non-inter-level travel turns spent in this place as a percentage of non-inter-level travel turns spent in the entire game.
 C = Inter-level travel turns spent in this place as a percentage of turns spent in this place.
 D = Turns resting spent in this place as a percentage of non-inter-level travel turns spent in this place.
 E = Turns spent auto-exploring this place as a percentage of non-inter-level travel turns spent in this place.
 F = Non-inter-level travel turns spent in this place divided by the number of levels of this place that you've seen.
                   A       B       C       D       E      F
               +-------+-------+-------+-------+-------+----------------------
         Total | 100.0 | 100.0 |   4.2 |  16.2 |  58.4 | 571.3
       Dungeon | 100.0 | 100.0 |   4.2 |  16.2 |  58.4 | 571.3
               +-------+-------+-------+-------+-------+----------------------

Vault maps used:
D:1:      dpeg_arrival_stone_temple_mockup
D:2:      first_ration
D:3:      feat_on_display, uniq_jessica
